Map: Automaton LE

Players

MONSTER

  • Race: Zerg Zerg
  • League: Master
  • Spawn Location: 3:00

Lambo - Winner!

  • Race: Zerg Zerg
  • League: Grandmaster
  • Spawn Location: 9:00

VOD

Have the link to the VOD?

Description

Time

  • Played on: Dec. 27, 2018, 1:42 p.m.
  • Length: 9:10
Show
View Real Time Build Order
Export as new Build Order

MONSTER Zerg 

Build Orders: Hatch First, Muta Ling Bane, Zergling Baneling 

Get SALT Encoding   

  12  0:00  Drone  
  13  0:12  Overlord  
  13  0:18  Drone  
  14  0:30  Drone  
  14  0:31  Drone  
  14  0:34  Drone  
  17  0:53  Hatchery  
  17  0:55  Drone  
  17  0:58  Drone  
  18  1:10  Extractor  
  17  1:14  Spawning Pool  
  17  1:16  Drone  
  17  1:20  Drone  
  18  1:28  Drone  
  19  1:41  Overlord  
  19  1:50  Drone  
  20  2:00  Queen  
  23  2:01  Zergling x2  
  23  2:04  Queen  
  23  2:05  Zergling x2  
  26  2:10  Metabolic Boost  
  26  2:11  Drone  
  27  2:15  Drone  
  28  2:24  Drone  
  28  2:26  Drone  
  30  2:32  Drone  
  31  2:39  Hatchery  
  30  2:45  Drone  
  30  2:48  Baneling Nest  
  30  2:50  Drone  
  31  2:55  Overlord  
  31  3:03  Drone x2  
  33  3:12  Drone  
  34  3:13  Zergling x2  
  34  3:14  Zergling x8  
  39  3:20  Zergling x2  
  39  3:21  Zergling x4  
  42  3:28  Queen  
  42  3:32  Overlord  
  44  3:36  Baneling x3  
  44  3:49  Overlord x2  
  44  3:50  Drone x3  
  44  3:52  Drone  
  44  3:54  Drone  
  43  4:18  Lair  
  43  4:19  Overlord  
  43  4:20  Extractor, Zergling x8  
  43  4:21  Zergling x4  
  48  4:28  Drone x4  
  52  4:36  Drone x2  
  54  4:39  Drone  
  54  4:43  Baneling x2  
  51  4:51  Overlord  
  51  4:52  Extractor, Zergling x6  
  53  4:53  Extractor, Zergling x6  
  53  4:54  Baneling x2  
  53  4:55  Baneling x2  
  54  5:08  Overlord, Drone x2  
  54  5:09  Drone x2  
  58  5:17  Queen  
  56  5:21  Drone x3  
  56  5:22  Drone  
  56  5:24  Roach Warren  
  59  5:32  Drone  
  59  5:33  Drone x2  
  60  5:40  Spire  
  60  5:42  Drone x3  
  62  5:43  Drone  
  62  5:44  Drone  
  64  5:52  Baneling x2  
  64  5:57  Drone x4  
  64  5:58  Overlord  
  64  5:59  Drone x3  
  64  6:02  Drone  
  72  6:04  Evolution Chamber  
  71  6:12  Drone x2  
  71  6:17  Drone  
  71  6:18  Drone  
  75  6:20  Overlord  
  75  6:21  Overlord, Extractor x2, Overseer  
  73  6:26  Drone x2  
  68  6:33  Zergling x16  
  68  6:35  Queen  
  76  6:49  Roach x3, Zergling x2  
  76  6:50  Roach  
  83  6:59  Mutalisk x3  
  83  7:00  Mutalisk  
  87  7:13  Mutalisk  
  89  7:16  Drone x5  
  89  7:17  Drone x2  
  96  7:24  Glial Reconstitution  
  96  7:39  Centrifical Hooks  
  96  7:40  Roach x2  
  96  7:41  Roach x2  
  96  7:42  Overlord x3  
  104  7:44  Baneling x2  
  104  7:47  Overlord x2  
  104  7:54  Roach x3  
  106  8:04  Roach x3  
  106  8:05  Roach x3  
  116  8:15  Baneling  
  116  8:20  Zergling x18  
  116  8:22  Overseer  
  116  8:23  Roach  
  126  8:36  Roach x6  
  126  8:39  Overlord  
  137  8:41  Baneling  
  137  8:42  Baneling x4  
  137  8:44  Roach  
  137  8:45  Overlord x4  
Show
View Real Time Build Order
Export as new Build Order

Lambo Zerg - Winner!

Build Orders: Hatch First, Zergling Baneling 

Get SALT Encoding   

  12  0:00  Drone  
  13  0:13  Overlord  
  13  0:18  Drone  
  14  0:31  Drone x2  
  16  0:50  Hatchery  
  16  0:52  Drone  
  16  0:56  Drone  
  17  0:59  Drone  
  18  1:10  Extractor  
  17  1:15  Spawning Pool  
  16  1:19  Drone  
  16  1:21  Drone  
  18  1:29  Drone  
  19  1:43  Drone  
  20  1:53  Overlord  
  20  2:03  Queen x2  
  20  2:04  Drone  
  20  2:05  Drone  
  26  2:10  Metabolic Boost  
  26  2:12  Drone  
  26  2:15  Drone  
  29  2:22  Drone  
  29  2:23  Drone  
  30  2:38  Hatchery  
  30  2:42  Zergling x4  
  31  2:46  Zergling x2  
  32  2:52  Baneling Nest  
  32  2:55  Overlord  
  31  2:59  Drone  
  31  3:01  Drone  
  33  3:05  Drone  
  33  3:10  Drone  
  35  3:15  Drone x2  
  35  3:17  Drone x2  
  39  3:21  Zergling x2, Drone  
  39  3:23  Overlord  
  39  3:26  Drone  
  42  3:34  Drone  
  43  3:36  Evolution Chamber  
  43  3:37  Baneling x2  
  43  3:38  Drone  
  43  3:41  Baneling x2  
  43  3:44  Queen  
  43  3:46  Zergling x4  
  46  3:49  Baneling  
  46  3:51  Zergling x4  
  48  3:56  Zergling x2  
  48  3:57  Zergling x4  
  48  4:01  Zergling x4  
  48  4:02  Zergling x2  
  54  4:05  Drone  
  54  4:08  Baneling x2  
  54  4:13  Drone x3  
  54  4:16  Drone  
  58  4:19  Baneling  
  58  4:22  Overlord  
  58  4:24  Extractor  
  58  4:26  Extractor  
  56  4:33  Overlord  
  56  4:34  Drone x2  
  56  4:38  Overlord  
  58  4:39  Overlord  
  58  4:43  Drone x2  
  58  4:44  Drone  
  60  4:52  Drone x2  
  62  4:54  Zerg Missile Weapons Level 1  
  62  4:56  Drone  
  62  4:57  Roach Warren, Drone  
  62  4:58  Zergling x2, Drone x3  
  65  5:10  Drone x8  
  73  5:16  Drone x2  
  73  5:22  Drone  
  73  5:23  Queen  
  73  5:25  Lair  
  76  5:28  Zergling x6  
  76  5:29  Zergling x4  
  80  5:36  Queen  
  80  5:37  Extractor  
  80  5:38  Extractor  
  80  5:40  Overlord  
  80  5:43  Roach x4  
  80  5:48  Overlord  
  80  5:49  Overlord  
  87  5:54  Roach  
  87  5:56  Overlord  
  89  5:58  Baneling  
  89  5:59  Baneling x7  
  89  6:00  Overlord  
  89  6:04  Overlord  
  89  6:12  Overlord  
  89  6:13  Overlord  
  89  6:20  Queen x2  
  93  6:28  Roach x8  
  93  6:31  Roach x2  
  109  6:36  Roach  
  109  6:37  Zergling x6  
  114  6:40  Roach x2  
  113  6:48  Roach x3  
  113  6:49  Queen  
  113  6:53  Roach x3  
  125  6:56  Queen  
  119  7:08  Overlord  
  119  7:10  Roach x7  
  133  7:16  Roach x2  
  137  7:23  Glial Reconstitution  
  137  7:25  Queen  
  137  7:29  Overlord  
  139  7:32  Overlord  
  139  7:33  Spore Crawler  
  139  7:34  Spore Crawler  
  139  7:35  Spore Crawler  
  136  7:38  Roach x4  
  144  7:45  Overlord  
  144  7:46  Overlord  
  144  7:56  Overlord  
  144  7:58  Roach x7  
  157  8:16  Roach x5  
  167  8:24  Roach x4  
  175  8:33  Roach x5  
  185  8:40  Overlord, Baneling  
  185  8:43  Roach  
  185  8:44  Overlord  
  185  8:45  Overlord  
  184  8:49  Overlord  
Tags
 
Add a new tag
Caveats
  • Supply blocks, unpowered buildings, or Contaminate may cause inaccurate times.
  • Supply counts are checked every 10 seconds.